 Dungeon Sprint DCSS version 0.28.0-43-g3370ac3207 (webtiles) character file.

Game seed: 10418375785155703481

3728 boopmooplesden the Severer (level 9, -5/100 HPs)
             Began as a Minotaur Berserker on Mar 15, 2022.
             Was a High Priest of Trog.
             Slain by Sonja
             ... wielding a +0 short sword of distortion
              (14 damage)
             ... in the Dungeon (Sprint I: "Red Sonja").
             The game lasted 00:02:40 (1333 turns).

boopmooplesden the Severer (Minotaur Berserker)     Turns: 1333, Time: 00:02:41

Health: -5/100     AC: 13    Str: 22    XL:     9   Next: 92%
Magic:  8/8        EV: 11    Int: 10    God:    Trog [*****.]
Gold:   292        SH:  0    Dex: 12    Spells: 8/8 levels left

rFire   . . .      SeeInvis .   o - +1 battleaxe (flame)
rCold   . . .      Faith    .   (shield currently unavailable)
rNeg    . . .      Spirit   .   k - +0 chain mail
rPois   .          Reflect  .   (helmet restricted)
rElec   .          Harm     .   q - +0 cloak of the Lion {Int+4}
rCorr   .          Rampage  .   (no gloves)
Will    .....      NoTele   +   (no boots)
Stlth   ..........              (no amulet)
HPRegen 0.26/turn               (no ring)
MPRegen 0.11/turn               (no ring)

@: lethally poisoned (-5 -> -9), on berserk cooldown, slowed, studying Slings,
very slow
A: horns 2, retaliatory headbutt
a: Renounce Religion, Berserk, Trog's Hand, Brothers in Arms


You were in the Dungeon.
You worshipped Trog.
Trog was extremely pleased with you.
You visited 1 branch You collected 764 gold pieces.
You spent 472 gold pieces at shops.

Inventory:

Hand Weapons
 a - a +0 hand axe
 o - a +1 battleaxe of flaming (weapon)
Armour
 b - a +0 animal skin
 k - a +0 chain mail (worn)
 q - the +0 cloak of the Lion (worn) {Int+4}
   (You bought it in a shop in the Dungeon)

   Int:       It affects your intelligence (+4).
Wands
 i - a wand of polymorph (4)
Scrolls
 h - a scroll of blinking
 l - a scroll of identify {unknown}
 m - a scroll of fog {unknown}
Potions
 c - a potion of curing
 e - a potion of haste
 f - 2 potions of magic
 g - a potion of berserk rage
 j - a potion of mutation {unknown}
 n - a potion of flight {unknown}
 p - a potion of brilliance {unknown}


   Skills:
 + Level 16.1 Fighting
 + Level 17.3 Axes
 + Level 11.4 Armour
 + Level 8.2 Dodging
 + Level 3.6 Unarmed Combat


You had 8 spell levels left.
You didn't know any spells.
Your spell library was empty.

Dungeon Overview and Level Annotations

Branches:
Dungeon (1/1)

Altars:
Cheibriados
Dithmenos
Elyvilon
Fedhas
Gozag
Hepliaklqana
Kikubaaqudgha
Makhleb
Nemelex Xobeh
Okawaru
Qazlal
Ru
Sif Muna
Trog
Uskayaw
Vehumet
Wu Jian
Xom
Yredelemnul
Zin
The Shining One
Jiyva
Lugonu

Shops:
D [[

Annotations:
D Sonja


Innate Abilities, Weirdness & Mutations

You have a pair of horns on your head.
You reflexively headbutt those who attack you in melee.


Message History

You continue putting on the +0 cloak of the Lion {Int+4}. x4
You finish putting on the +0 cloak of the Lion {Int+4}.
You feel clever.
You now have 292 gold pieces (gained 4).
There is an open door here.
You feel yourself speed up. As you open the door, it creaks loudly!
Sonja, the Graceful Assassin comes into view.
She is wielding a +0 short sword of distortion, quivering curare-tipped darts and carrying a wand of flame (11).
Sonja throws a curare-tipped dart.
The curare-tipped dart hits you.
You are poisoned.
You have difficulty breathing.
You feel yourself slow down.
Found 108 gold pieces.
You're still recovering from your berserk rage.
You feel very sick. Sonja barely misses you.
Sonja hits you with a +0 short sword of distortion.
Space warps horribly around you!!
Sonja hits you with a +0 short sword of distortion.
Sonja says, "I'm academy-trained, you know."
Sonja hits you but does no damage. Space warps horribly around you!!
Sonja hits you with a +0 short sword of distortion.
Space warps around you.
* * * LOW HITPOINT WARNING * * *
Sonja hits you with a +0 short sword of distortion.
* * * LOW HITPOINT WARNING * * *
Space warps around you.
* * * LOW HITPOINT WARNING * * *
There is an open door, spattered with blood here.
You feel much better.
You feel sick. Sonja hits you but does no damage.
Space warps horribly around you!
* * * LOW HITPOINT WARNING * * *
Sonja hits you but does no damage. Space warps around you.
* * * LOW HITPOINT WARNING * * *
Sonja hits you with a +0 short sword of distortion.
* * * LOW HITPOINT WARNING * * *
Space warps horribly around you!
* * * LOW HITPOINT WARNING * * *
Sonja closely misses you. Sonja hits you but does no damage. x2
Space warps horribly around you!
You die...

#..#####'#####'#__####...+
#..####..#...#.####(§#####
#..#__####..##.#≈§≈.§#§.#
#..#_____##'#_.))≈≈§.§§§#
#⌠⌠#_.∩...'..._#§≈§§§#§.#
####_..__##_.#§##'#####'###
#_____###+#.#§(.(###§§.#
#########.####†###.###§#
+$.K@.....'.∩##.#
#$.$###########.# ##.# #§#
#+ +§# #§# #§# +§# ###


You could see Sonja.

Vanquished Creatures
  2 centaur warriors (D)
  A deep troll (D)
  An oklob plant (D)
  2 kobold demonologists (D)
  A hornet (D)
  A slime creature (D)
  Sigmund (D)
  A yak (D)
  2 redbacks (D)
  A floating eye (D)
  An ogre (D)
  A jelly (D)
  Ijyb (D)
16 creatures vanquished.

Notes
Turn   | Place    | Note
-------+----------+-------------------------------------------
     0 | D        | boopmooplesden the Minotaur Berserker began the quest for
                  | the Orb.
     0 | D        | Reached XP level 1. HP: 19/19 MP: 0/0
     1 | D        | Noticed Ijyb
     7 | D        | Killed Ijyb
     8 | D        | Reached skill level 5 in Fighting
     8 | D        | Reached skill level 5 in Axes
     8 | D        | Reached XP level 2. HP: 29/29 MP: 1/1
   152 | D        | Noticed an ogre
   155 | D        | Killed an ogre
   156 | D        | Reached skill level 8 in Axes
   156 | D        | Reached skill level 1 in Unarmed Combat
   156 | D        | Reached XP level 3. HP: 40/40 MP: 2/2
   156 | D        | Reached XP level 4. HP: 48/48 MP: 3/3
   214 | D        | Noticed Sigmund
   220 | D        | Killed Sigmund
   220 | D        | Reached ** piety under Trog
   221 | D        | Reached skill level 10 in Axes
   221 | D        | Reached skill level 5 in Armour
   221 | D        | Reached XP level 5. HP: 57/57 MP: 4/4
   221 | D        | Reached XP level 6. HP: 64/64 MP: 5/5
   255 | D        | Found a burning altar of Makhleb.
   255 | D        | Found a viscous altar of Jiyva.
   255 | D        | Found a shimmering altar of Xom.
   255 | D        | Found a corrupted altar of Lugonu.
   255 | D        | Noticed a slime creature
   266 | D        | Killed a slime creature
   267 | D        | Reached skill level 11 in Axes
   267 | D        | Reached skill level 5 in Dodging
   487 | D        | Noticed a kobold demonologist
   487 | D        | Noticed a floating eye
   488 | D        | Noticed a kobold demonologist
   498 | D        | Noticed a smoke demon
   498 | D        | Killed a kobold demonologist
   499 | D        | Reached skill level 12 in Axes
   499 | D        | Reached XP level 7. HP: 77/77 MP: 6/6
   501 | D        | Killed a kobold demonologist
   501 | D        | Reached *** piety under Trog
   502 | D        | Reached skill level 13 in Axes
   502 | D        | Reached XP level 8. HP: 86/86 MP: 7/7
   536 | D        | Found a shimmering blue altar of Sif Muna.
   537 | D        | Found an ornate altar of the Wu Jian Council.
   538 | D        | Found a radiant altar of Vehumet.
   579 | D        | Found Xumneello's Antique Armour Emporium.
   579 | D        | Found an ancient bone altar of Kikubaaqudgha.
   579 | D        | Found a hazy altar of Hepliaklqana.
   579 | D        | Found a hide-covered altar of Uskayaw.
   579 | D        | Found a basalt altar of Yredelemnul.
   579 | D        | Found an opulent altar of Gozag.
   579 | D        | Found a snail-covered altar of Cheibriados.
   579 | D        | Found a sacrificial altar of Ru.
   579 | D        | Found a shadowy altar of Dithmenos.
   590 | D        | Reached **** piety under Trog
   591 | D        | Reached skill level 14 in Axes
   591 | D        | Found a stormy altar of Qazlal.
   591 | D        | Found a blossoming altar of Fedhas.
   591 | D        | Found a bloodstained altar of Trog.
   591 | D        | Found an iron altar of Okawaru.
   591 | D        | Found a glowing golden altar of the Shining One.
   591 | D        | Found a glowing silver altar of Zin.
   591 | D        | Found a white marble altar of Elyvilon.
   592 | D        | Found a sparkling altar of Nemelex Xobeh.
   596 | D        | Bought a dazzling scale mail for 234 gold pieces
   596 | D        | Identified the +2 scale mail "Fech" {rC- Dex-5 Slay+5 SInv}
                  | (You bought it in a shop in the Dungeon)
   698 | D        | Noticed a centaur warrior
   699 | D        | Noticed a centaur warrior
   709 | D        | Killed a centaur warrior
   710 | D        | Reached skill level 15 in Axes
   715 | D        | Killed a centaur warrior
   716 | D        | Reached skill level 15 in Fighting
   716 | D        | Reached skill level 16 in Axes
   716 | D        | Reached XP level 9. HP: 97/97 MP: 8/8
   792 | D        | Paralysed by a hornet for 3 turns
   798 | D        | Reached skill level 10 in Armour
  1021 | D        | Noticed an oklob plant
  1027 | D        | Killed an oklob plant
  1037 | D        | Reached ***** piety under Trog
  1038 | D        | Reached skill level 17 in Axes
  1292 | D        | Noticed a deep troll
  1299 | D        | Killed a deep troll
  1299 | D        | Received a gift from Trog
  1313 | D        | Found Natax's Armour Emporium.
  1318 | D        | Bought the +0 cloak of the Lion {Int+4} for 238 gold pieces
  1331 | D        | Noticed Sonja
  1333 | D        | Slain by Sonja

Illustrated notes

Levels and vault maps discovered:
D:        dungeon_sprint_1 [red_sonja_temple_1, red_sonja_temple_small_1]

Skill      XL: |  1  2  3  4  5  6  7  8  9 |
---------------+----------------------------+-----
Fighting       | 5 7 9 12 13 15 16 | 16.1
Axes           | 5 8 10 12 13 16 17 | 17.3
Armour         | 3 4 5 7 9 11 | 11.4
Dodging        | 3 4 5 6 7 8 |  8.2
Unarmed Combat | 1 2 3 |  3.6

Action                   |  1- 3 |  4- 6 |  7- 9 || total
-------------------------+-------+-------+-------++-------
Melee: Unarmed           |     3 |       |       ||     3
       Hand axe          |     2 |    23 |    51 ||    76
       Headbutt          |       |     7 |    17 ||    24
       Punch             |       |       |     1 ||     1
Invok: Berserk           |     2 |     2 |     3 ||     7
  Use: Potion            |       |       |     1 ||     1
Armor: Chain mail        |       |     5 |    22 ||    27
Dodge: Dodged            |     2 |     5 |    16 ||    23
